 Dungeon Crawl Stone Soup version 0.19-a0-342-g99000e6 (webtiles) character file.

1103 IcyTea the Quickloader (level 8, -1/44 HPs)
             Began as a Kobold Hunter on May 29, 2016.
             Slain by an orc
             ... wielding a +0 dagger
              (2 damage)
             ... on level 5 of the Dungeon.
             The game lasted 00:23:48 (6481 turns).

IcyTea the Quickloader (Kobold Hunter)              Turns: 6481, Time: 00:23:48

Health: -1/44      AC:  4    Str: 11    XL:     8   Next: 58%
Magic:  7/8        EV: 15    Int: 11    God:
Gold:   391        SH:  0    Dex: 16    Spells: 1 memorised, 5 levels left

rFire  . . .     SeeInvis .     b - +0 short sword
rCold  . . .     Gourm    .     c - +1 leather armour
rNeg   . . .     Faith    .     (shield restricted)
rPois  .         Spirit   .     (no helmet)
rElec  .         Dismiss  .     (no cloak)
rCorr  .         Reflect  .     (no gloves)
SustAt .         Harm     .     (no boots)
MR     .....                    (no amulet)
Stlth  +++.......               g - ring of flight
                                l - ring of stealth

@: not resistant to hostile enchantments, fairly stealthy
A: carnivore 3
a: Evoke Flight


You were on level 5 of the Dungeon.
You were not hungry.

You visited 1 branch of the dungeon, and saw 5 of its levels.

You collected 391 gold pieces.

Inventory:

Hand Weapons
 a - a +2 hand crossbow
 b - a +0 short sword (weapon)
Missiles
 d - 41 bolts
Armour
 c - a +1 leather armour (worn)
Jewellery
 g - a ring of flight (right hand)
 l - a ring of stealth (left hand)
Scrolls
 e - 3 scrolls of teleportation
 h - a scroll of recharging
 j - 3 scrolls of enchant armour
 n - 2 scrolls of identify
Books
 k - a book of Debilitation

   Spells                             Type                      Level
   a - Corona                         Hexes                        1
   b - Slow                           Hexes                        2
   c - Gell's Gravitas                Hexes/Translocation          3
   d - Inner Flame                    Hexes/Fire                   3
   e - Cause Fear                     Hexes                        4
   f - Leda's Liquefaction            Hexes/Earth                  4
Comestibles
 f - 4 meat rations
 i - a beef jerky


   Skills:
 - Level 2.1 Fighting
 - Level 6.0 Short Blades
 - Level 10.1 Crossbows
 - Level 2.4 Dodging
 + Level 1.5 Stealth
 - Level 3.3 Hexes


You had 5 spell levels left.
You knew the following spells:

 Your Spells              Type           Power        Failure   Level  Hunger
a - Slow                  Hex            #.......     21%         2    ###....


Dungeon Overview and Level Annotations

Branches:
Dungeon (5/15)
 Temple: D:4-7

Altars:
Fedhas
Nemelex Xobeh
Okawaru
Ru
Sif Muna


Innate Abilities, Weirdness & Mutations

You are small and have problems with some larger weapons.
You are carnivorous and can eat meat at any time.


Message History

The orc priest hits you with a trident.
You hit the orc priest but do no damage.
The orc priest is severely wounded.
You closely miss the orc priest.
The orc priest is severely wounded.
The orc hits you but does no damage.
The orc priest calls down the wrath of Beogh upon you.
Beogh smites you!
* * * LOW HITPOINT WARNING * * *
You hit the orc priest but do no damage.
The orc priest is severely wounded.
The orc completely misses you.
The orc priest mumbles some strange prayers to Beogh against you.
Beogh smites you!
* * * LOW HITPOINT WARNING * * *
You aren't carrying any potions.
You closely miss the orc priest.
The orc priest is severely wounded.
The orc hits you with a dagger.
You die...

##.##...#.#.##
#.#######.#
............># #.# #.#
#.# #.....#'####)# #.#
#.###(##
#............#####.#
#......#
#..........5o...##.#
#.######
#...........###.##.###.#
#...........# #o##...#.#
#..........5# #o####.#.#
#...........# #o@......#
#......O....# ######.###
###.........# #.#
............########.#
............##.......##
............##.#...[..#
........######.#.####.#
........######.#....#.#
........#...........#.#


You could see an orc priest and 2 orcs.

Vanquished Creatures
  Prince Ribbit (D:5)
  An ice beast (D:3)
  2 ogres
  A centaur (D:5)
  A scorpion (D:4)
  A crimson imp (D:5)
  A centaur skeleton (D:5)
  A giant frog skeleton (D:4)
  2 hounds
  An orc wizard (D:4)
  Ijyb (D:3)
  Natasha (thrice) (D:3)
  Terence (D:3)
  2 iguanas
  5 gnolls
  3 adders
  A shadow imp (D:5)
  An ooze (D:1)
  A worm (D:4)
  3 dart slugs
  4 giant geckos
  8 orcs
  6 bats
  5 giant cockroaches
  4 goblins
  5 hobgoblins
  13 jackals
  8 kobolds
  3 quokkas
  A ball python (D:5)
  A giant gecko skeleton (D:5)
  7 giant newts (D:1)
  A jackal skeleton (D:4)
  8 rats
  A fungus (D:3)
108 creatures vanquished.

Notes
Turn   | Place    | Note
--------------------------------------------------------------
     0 | D:1      | IcyTea the Kobold Hunter began the quest for the Orb.
     0 | D:1      | Reached XP level 1. HP: 12/12 MP: 1/1
   130 | D:1      | Reached skill level 5 in Crossbows
   175 | D:1      | Reached XP level 2. HP: 5/17 MP: 2/2
   181 | D:1      | Reached XP level 3. HP: 7/21 MP: 3/3
   472 | D:1      | Reached skill level 6 in Crossbows
  1039 | D:1      | Reached XP level 4. HP: 23/26 MP: 4/4
  1602 | D:2      | Learned a level 2 spell: Slow
  1700 | D:2      | Found a blossoming altar of Fedhas.
  2031 | D:3      | Noticed Natasha
  2034 | D:3      | Killed Natasha
  2034 | D:3      | Reached skill level 7 in Crossbows
  2034 | D:3      | Reached XP level 5. HP: 30/30 MP: 5/5
  2131 | D:3      | Noticed Natasha
  2135 | D:3      | Killed Natasha
  2137 | D:3      | Noticed Ijyb
  2146 | D:3      | Noticed an ice beast
  2177 | D:3      | Noticed Natasha
  2346 | D:3      | Killed Natasha
  2346 | D:3      | Reached skill level 8 in Crossbows
  2736 | D:3      | Killed Ijyb
  2736 | D:3      | Reached XP level 6. HP: 34/35 MP: 6/6
  2855 | D:3      | Noticed Terence
  2864 | D:3      | Killed Terence
  2969 | D:3      | Killed an ice beast
  2969 | D:3      | Reached skill level 9 in Crossbows
  3440 | D:4      | Reached XP level 7. HP: 3/40 MP: 7/7
  4043 | D:4      | Reached skill level 10 in Crossbows
  4086 | D:5      | Entered Level 5 of the Dungeon
  4091 | D:5      | Reached skill level 1 in Short Blades
  4112 | D:5      | Noticed Prince Ribbit
  4277 | D:5      | Killed Prince Ribbit
  4277 | D:5      | Reached XP level 8. HP: 44/44 MP: 8/8
  4317 | D:4      | Reached skill level 5 in Short Blades
  4772 | D:5      | Found a sacrificial altar of Ru.
  4896 | D:5      | Reached skill level 1 in Hexes
  5874 | D:5      | HP: 1/44 [iguana (3)]
  6233 | D:5      | Found a sparkling altar of Nemelex Xobeh.
  6233 | D:5      | Found an iron altar of Okawaru.
  6234 | D:5      | Found a deep blue altar of Sif Muna.
  6480 | D:5      | HP: 1/44 [orc priest/divine providence (11)]
  6481 | D:5      | Slain by an orc

Vault maps used:
D:1:      sevenhm_arrival_forest_fort_small_6, minmay_misc_feat_nine_boxes,
          corexii_leaking_fountain, minmay_newt_pond
D:2:      lemuel_crystal_altar, kennysheep_generic_room_9
D:3:      minmay_gold_behind_fungi, uniq_iyjb, uniq_terence, uniq_natasha
D:5:      kennysheep_mini, gammafunk_temple_overflow_claw, first_bread,
          uniq_prince_ribbit1

Skill      XL: |  1  2  3  4  5  6  7  8 |
---------------+-------------------------+-----
Crossbows      | 5 6 7 8 9 10 | 10.1
Short Blades   | 4 6 |  6.0
Hexes          | 3 |  3.3
Fighting       | |  2.1
Dodging        | |  2.4
Stealth        | |  1.5

Action                   |  1- 3 |  4- 6 |  7- 9 || total
-------------------------+-------+-------+-------++-------
Melee: Short sword       |     1 |    64 |   140 ||   205
 Fire: Hand crossbow     |    60 |   119 |    86 ||   265
 Cast: Slow              |       |       |     7 ||     7
  Use: Scroll            |     3 |     8 |     1 ||    12
       Potion            |       |     3 |     2 ||     5
 Stab: Sleeping          |       |     1 |     2 ||     3
  Eat: Chunk             |     4 |    12 |     4 ||    20
Armor: Leather armour    |     3 |    29 |    28 ||    60
Dodge: Dodged            |    13 |    92 |   121 ||   226
